 Dungeon Crawl Stone Soup version 0.26-a0-1033-gd598b01645 (webtiles) character file.

Game seed: 9995916761330933592

109 Murumi the Conjurer (level 4, 0/41 HPs)
             Began as an Ogre Conjurer on Dec 10, 2020.
             Hit by a stone thrown by a kobold (3 damage)
             ... on level 3 of the Dungeon.
             The game lasted 00:06:44 (2512 turns).

Murumi the Conjurer (Ogre Conjurer)                 Turns: 2512, Time: 00:06:45

Health: 0/41       AC:  3    Str: 12    XL:     4   Next: 89%
Magic:  1/8        EV: 10    Int: 19    God:
Gold:   76         SH:  0    Dex:  7    Spells: 6/9 levels left

rFire    . . .     SeeInvis .   e - +0 mace
rCold    . . .     Faith    .   (no shield)
rNeg     . . .     Spirit   .   a - +0 robe
rPois    .         Reflect  .   (helmet restricted)
rElec    .         Harm     .   (no cloak)
rCorr    .         Rampage  .   (gloves unavailable)
Will     .....                  (boots unavailable)
Stlth    ++........             (no amulet)
HPRegen  0.13/turn              (no ring)
MPRegen  0.11/turn              (no ring)

@: no status effects
A: large, unfitting armour, tough skin 1
a: no special abilities


You were on level 3 of the Dungeon.
You visited 1 branch of the dungeon, and saw 3 of its levels.

You collected 76 gold pieces.

Inventory:

Hand Weapons
 e - a +0 mace (weapon)
Missiles
 h - 35 stones (quivered)
Armour
 a - a +0 robe (worn)
Scrolls
 d - a scroll of blinking
 i - a scroll of teleportation
 j - a scroll of remove curse
Potions
 b - a potion of cancellation
 c - a potion of might
 f - a potion of brilliance {unknown}
 g - a potion of heal wounds {unknown}


   Skills:
 - Level 1.0 Fighting
 + Level 1.5 Maces & Flails
 - Level 2.0 Throwing
 - Level 2.0 Dodging
 - Level 2.0 Stealth
 - Level 3.0 Spellcasting
 - Level 4.0 Conjurations


You had 6 spell levels left.
You knew the following spells:

 Your Spells              Type           Power        Failure   Level
a - Magic Dart            Conj           ###.         3%          1
b - Searing Ray           Conj           ###...       4%          2

Your spell library contained the following spells:

 Spells                   Type           Power        Failure   Level
 Dazzling Flash           Conj/Hex       ##....       21%         3
 Fulminant Prism          Conj/Hex       ##........   54%         4
 Iskenderun's Mystic Bla  Conj/Tloc      ##......     54%         4


Dungeon Overview and Level Annotations

Branches:
Dungeon (3/15)

Altars:
Dithmenos
Fedhas
Qazlal
Uskayaw


Innate Abilities, Weirdness & Mutations

You are too large for most types of armour.
You have tough skin. (AC +1)


Message History

The centaur hits you.
* * * LOW HITPOINT WARNING * * *
The kobold throws a stone.
The stone barely misses you.
The stone hits the rat but does no damage.
The searing ray hits the centaur.
The centaur is almost dead.
You finish channeling your searing ray.
The rat bites you.
* * * LOW HITPOINT WARNING * * *
The centaur barely misses you.
The kobold throws a stone.
The stone barely misses you.
The stone closely misses the rat.
Casting: Searing Ray (safe; 4% risk of failure)
Confirm with . or Enter, or press ? or * to list all spells.
Aiming: Searing Ray (safe; 4% risk of failure)
Press: ? - help, Shift-Dir - straight line, f/p - centaur
Aim: a centaur, quivering 11 arrows (almost dead, 13% to evade)
The searing ray hits the centaur.
You kill the centaur! (Press . to maintain the ray.)
The rat barely misses you.
The kobold throws a stone.
The stone hits you.
You die...

.###...........##.# #.
..##..............## .. ##.
#.........(........###..# #..
# ###.......8.8.8.##.........
.. # #
##............##.......c(.##.
# #
#.........(÷)<#....K....†(.)##
##.##.#.!..(......... #().. #.
#.#_)...(........ ##.## .
..#......@.$..... #.. #
#.......)r.)...... #.# #
................. #. #
#...8.8.8...###### #. #
##.!........# # ########...#
#...# #...#


You could see a kobold and a rat.

Vanquished Creatures
  A centaur (D:3)
  4 adders
  An ooze (D:2)
  A worm (D:2)
  2 dart slugs
  4 leopard geckos
  3 orcs (D:3)
  A ball python (D:2)
  3 bats
  2 giant cockroaches
  3 goblins (D:1)
  11 hobgoblins
  4 jackals (D:3)
  A quokka (D:3)
  4 frilled lizards
  4 kobolds
  4 rats
53 creatures vanquished.

Vanquished Creatures (others)
  2 plants (D:3)
2 creatures vanquished.

Grand Total: 55 creatures vanquished

Notes
Turn   | Place    | Note
-------+----------+-------------------------------------------
     0 | D:1      | Murumi the Ogre Conjurer began the quest for the Orb.
     0 | D:1      | Reached XP level 1. HP: 16/16 MP: 3/3
   303 | D:1      | Reached skill level 4 in Conjurations
   303 | D:1      | Reached XP level 2. HP: 24/24 MP: 1/5
   306 | D:1      | Learned a level 2 spell: Searing Ray
   944 | D:2      | Reached XP level 3. HP: 31/31 MP: 3/7
  1137 | D:2      | Reached skill level 1 in Maces & Flails
  1178 | D:2      | Found a stormy altar of Qazlal.
  1208 | D:2      | Found a blossoming altar of Fedhas.
  1277 | D:2      | Reached skill level 1 in Fighting
  1365 | D:2      | Reached XP level 4. HP: 41/41 MP: 3/8
  1450 | D:2      | Reached skill level 1 in Throwing
  2115 | D:3      | Found a hide-covered altar of Uskayaw.
  2326 | D:3      | Noticed a centaur
  2383 | D:3      | Found a shadowy altar of Dithmenos.
  2464 | D:3      | Found a faded altar of an unknown god.
  2512 | D:3      | Killed a centaur
  2512 | D:3      | Hit by a stone thrown by a kobold

Illustrated notes

Levels and vault maps discovered:
D:1:      dpeg_arrival_arbitrary_b, layout_basic
D:2:      layout_loops_corners, lemuel_doored_altar, fedhas_ov_isle_minmay
D:3:      layout_rooms, overflow_temple_1_default,
          eat_drink_and_be_merry_uskayaw, tso_oasis_becter,
          chequers_ecumenical_altar_simple, nemelex_lonely_heart_becter,
          uniq_robin, uniq_natasha

Skill      XL: |  1  2  3  4 |
---------------+-------------+-----
Conjurations   | 4 |  4.0
Spellcasting   | 3 |  3.0
Dodging        | 2 |  2.0
Stealth        | 2 |  2.0
Maces & Flails | 1 |  1.5
Fighting       | 1 |  1.0
Throwing       | 2 |  2.0

Action                   |  1- 3 |  4- 6 || total
-------------------------+-------+-------++-------
Melee: Unarmed           |     8 |       ||     8
       Mace              |     7 |    14 ||    21
Throw: Stone             |       |     5 ||     5
 Cast: Magic Dart        |    40 |    50 ||    90
       Searing Ray       |     4 |     3 ||     7
  Use: Scroll            |     6 |     1 ||     7
Armor: Robe              |     3 |     4 ||     7
Dodge: Dodged            |    13 |    28 ||    41

Table legend: (Time is in decaauts)
 A = Elapsed time spent in this place.
 B = Non-inter-level travel time spent in this place.
 C = Inter-level travel time spent in this place.
 D = Time resting spent in this place.
 E = Time spent auto-exploring this place.
 F = Levels seen in this place.
 G = Mean time per level.
                   A        B        C        D        E       F      G
               +--------+--------+--------+--------+--------+-----+--------+
         Total |   2521 |   2352 |    169 |     35 |   2057 |   3 |  840.3 |
       Dungeon |   2521 |   2352 |    169 |     35 |   2057 |   3 |  840.3 |
               +--------+--------+--------+--------+--------+-----+--------+

Top non-repeatable levels by time:
     D:2: 1228 daAuts
     D:1: 999 daAuts
     D:3: 293 daAuts
